 Dungeon Crawl Stone Soup version 0.28.0 (webtiles) character file.

Game seed: 7618344040523244606

1147 PBDoughboyy the Cudgeller (level 8, 0/67 HPs)
             Began as a Gnoll Cinder Acolyte on Feb 17, 2022.
             Was a Follower of Ignis.
             Slain by Duvessa (4 damage)
             ... on level 5 of the Dungeon.
             The game lasted 00:22:26 (6469 turns).

PBDoughboyy the Cudgeller (Gnoll Cinder Acolyte)    Turns: 6469, Time: 00:22:26

Health: 0/67       AC: 10    Str: 14    XL:     8   Next: 38%
Magic:  0/14       EV: 12    Int: 16    God:    Ignis [*.....]
Gold:   124        SH:  0    Dex:  7    Spells: 13/15 levels left

rFire   + + .      SeeInvis .   a - -1 mace (flame)
rCold   . . .      Faith    .   (no shield)
rNeg    . . .      Spirit   .   b - +0 robe
rPois   .          Reflect  .   (no helmet)
rElec   .          Harm     .   (no cloak)
rCorr   .          Rampage  .   (no gloves)
Will    .....                   m - +0 pair of boots
Stlth   ++........              (no amulet)
HPRegen 0.21/turn               r - ring of protection from fire
MPRegen 0.14/turn               (no ring)

@: fiery-armoured
A: fangs 1, strong nose, distributed training
a: Renounce Religion, Fiery Armour, Foxfire Swarm, Rising Flame


You were on level 5 of the Dungeon.
You worshipped Ignis.
Ignis was aware of your devotion.
You visited 1 branch of the dungeon, and saw 5 of its levels.

You collected 124 gold pieces.

Inventory:

Hand Weapons
 a - a -1 mace of flaming (weapon)
 o - a +2 dagger of venom
Missiles
 c - 8 stones
 p - 7 poisoned darts (quivered)
Armour
 b - a +0 robe (worn)
 m - a +0 pair of boots (worn)
Jewellery
 r - a ring of protection from fire (left hand)
Wands
 k - a wand of charming (8)
Scrolls
 e - 2 scrolls of teleportation {unknown}
 f - a scroll of torment {unknown}
 h - a scroll of fog {unknown}
 j - a scroll of enchant armour {unknown}
 l - a scroll of fear {unknown}
 n - 4 scrolls of identify {unknown}
 q - a scroll of immolation {unknown}
 s - 3 scrolls of holy word {unknown}
Potions
 d - 5 potions of curing {unknown}
 g - a potion of heal wounds {unknown}
 i - 2 potions of flight {unknown}


   Skills:
 + Level 7.3 Fighting
 + Level 3.2 Short Blades
 + Level 3.2 Long Blades
 + Level 3.2 Axes
 + Level 7.3 Maces & Flails
 + Level 3.2 Polearms
 + Level 3.2 Staves
 + Level 3.2 Slings
 + Level 3.2 Bows
 + Level 3.2 Crossbows
 + Level 3.2 Throwing
 + Level 3.2 Armour
 + Level 3.2 Dodging
 + Level 3.2 Stealth
 + Level 3.2 Shields
 + Level 3.2 Unarmed Combat
 + Level 4.3 Spellcasting
 + Level 2.6 Conjurations
 + Level 2.6 Hexes
 + Level 2.6 Summonings
 + Level 2.6 Necromancy
 + Level 2.6 Translocations
 + Level 2.6 Transmutations
 + Level 6.1 Fire Magic
 + Level 2.6 Ice Magic
 + Level 2.6 Air Magic
 + Level 2.6 Earth Magic
 + Level 2.6 Poison Magic
 + Level 3.5 Invocations
 + Level 3.2 Evocations


You had 13 spell levels left.
You knew the following spells:

 Your Spells              Type           Power      Damage    Failure   Level
a - Scorch                Fire           46%        2d7       1%          2

Your spell library contained the following spells:

 Spells                   Type           Power      Damage    Failure   Level
 Animate Skeleton         Necr           22%        N/A       5%          1
 Pain                     Necr           44%        1d6       5%          1
 Blink                    Tloc           22%        N/A       9%          2
 Lesser Beckoning         Tloc           11%        N/A       17%         3
 Vampiric Draining        Necr           11%        2d6       17%         3
 Manifold Assault         Tloc           11%        N/A       83%         5


Dungeon Overview and Level Annotations

Branches:
Dungeon (5/15)
 Temple: D:4-7

Altars:
Gozag

Shops:
D:2 :*[(   D:4 *

Annotations:
D:5 Dowan, Duvessa


Innate Abilities, Weirdness & Mutations

You have very sharp teeth.
Your uncanny sense of smell can sniff out nearby items.
Your experience applies equally to all skills.


Message History

Duvessa barely misses you.
Unknown command.
Casting: Scorch (safe; 1% risk of failure)
Confirm with . or Enter, or press ? or * to list all spells.
Flames lash Dowan.
Dowan is burned terribly!
Dowan is severely wounded.
Duvessa misses you.
Unknown command.
Unknown command.
Casting: Scorch (safe; 1% risk of failure)
Confirm with . or Enter, or press ? or * to list all spells.
You don't have enough magic to cast this spell.
Unknown command.
You barely miss Duvessa.
Duvessa is almost dead.
Duvessa hits you but does no damage. Duvessa hits you with a +0 short sword!
* * * LOW HITPOINT WARNING * * *
Duvessa is burned by your cloak of flames.
Duvessa is almost dead.
Unknown command.
Okay, then.
You hit Duvessa but do no damage. Your punch misses Duvessa.
Your bite misses Duvessa.
Duvessa is almost dead.
A sky beast comes into view.
Duvessa hits you but does no damage.
Duvessa is burned terribly!
Duvessa is burned by your cloak of flames.
Duvessa is almost dead.
Dowan gestures wildly while chanting.
Dowan blinks!
You hit Duvessa but do no damage.
Duvessa is almost dead.
Duvessa closely misses you. Dowan gestures at you while chanting.
You resist with some effort. Duvessa closely misses you.
Unknown command.
You hit Duvessa but do no damage. Your bite misses Duvessa.
Duvessa is almost dead.
Duvessa hits you with a +0 short sword.
You die...

..........###.#...#.# #
#..#e##......#...#[# #
...#...............##.# #
..........†.....#####.# #
...##.##........###...######
#.#.............#.......
#...........###....###..
###...##)......##..# ..
###Ye@..e.##.##..###.#
####.##.##.##......#
#####.##.......##.###
#......##.....###.#
#.##...##.....# #.#
#.#....##.....# #.##
#.#....##.....# #..#
#......##.....# ##.#
###.########### #.#


You could see Duvessa (fast, combustible), a sky beast and Dowan (combustible).

Vanquished Creatures
  Edmund (D:4)
  A necrophage (D:4)
  A black bear (D:4)
  An ogre (D:4)
  A phantom (D:5)
  A gnoll sergeant (D:5)
  3 scorpions
  A howler monkey (D:5)
  A gnoll shaman (D:4)
  3 jellies
  A bullfrog skeleton (D:3)
  Ijyb (D:2)
  2 iguanas (D:5)
  6 gnolls (D:4)
  3 adders
  A white imp (D:3)
  2 ufetubi (D:4)
  An adder skeleton (D:4)
  2 worms
  2 dart slugs (D:3)
  5 orcs
  3 ball pythons
  14 endoplasms
  7 giant cockroaches
  4 goblins
  4 hobgoblins
  8 jackals
  8 kobolds
  7 quokkas
  9 bats
  3 frilled lizards
  5 rats
  A toadstool (D:1)
113 creatures vanquished.

Vanquished Creatures (others)
  66 foxfires
  2 fungi (D:4)
  11 toadstools
79 creatures vanquished.

Grand Total: 192 creatures vanquished

Notes
Turn   | Place    | Note
-------+----------+-------------------------------------------
     0 | D:1      | PBDoughboyy the Gnoll Cinder Acolyte began the quest for
                  | the Orb.
     0 | D:1      | Reached XP level 1. HP: 23/23 MP: 4/4
   245 | D:1      | Reached XP level 2. HP: 25/29 MP: 5/5
   248 | D:1      | Learned a level 2 spell: Scorch
  1034 | D:2      | Found Xasyf's Armour Boutique.
  1313 | D:2      | Found Zigal's Assorted Antiques.
  1436 | D:2      | Found Kuggus's Weapon Shoppe.
  1620 | D:2      | Found Mureed's Book Shop.
  1641 | D:2      | Reached XP level 3. HP: 35/35 MP: 7/7
  1946 | D:3      | Noticed Ijyb
  1971 | D:2      | Killed Ijyb
  1972 | D:2      | Reached skill level 1 in Short Blades
  1972 | D:2      | Reached skill level 1 in Long Blades
  1972 | D:2      | Reached skill level 1 in Axes
  1972 | D:2      | Reached skill level 1 in Polearms
  1972 | D:2      | Reached skill level 1 in Staves
  1972 | D:2      | Reached skill level 1 in Slings
  1972 | D:2      | Reached skill level 1 in Bows
  1972 | D:2      | Reached skill level 1 in Crossbows
  1972 | D:2      | Reached skill level 1 in Throwing
  1972 | D:2      | Reached skill level 1 in Armour
  1972 | D:2      | Reached skill level 1 in Dodging
  1972 | D:2      | Reached skill level 1 in Stealth
  1972 | D:2      | Reached skill level 1 in Shields
  1972 | D:2      | Reached skill level 1 in Unarmed Combat
  1972 | D:2      | Reached skill level 1 in Invocations
  1972 | D:2      | Reached skill level 1 in Evocations
  1972 | D:2      | Reached XP level 4. HP: 7/41 MP: 3/8
  2485 | D:3      | Reached skill level 1 in Conjurations
  2485 | D:3      | Reached skill level 1 in Hexes
  2485 | D:3      | Reached skill level 1 in Summonings
  2485 | D:3      | Reached skill level 1 in Necromancy
  2485 | D:3      | Reached skill level 1 in Translocations
  2485 | D:3      | Reached skill level 1 in Transmutations
  2485 | D:3      | Reached skill level 1 in Ice Magic
  2485 | D:3      | Reached skill level 1 in Air Magic
  2485 | D:3      | Reached skill level 1 in Earth Magic
  2485 | D:3      | Reached skill level 1 in Poison Magic
  2606 | D:3      | Reached XP level 5. HP: 47/47 MP: 2/9
  3036 | D:4      | Found Sutaocs's General Store.
  3048 | D:4      | Found an opulent altar of Gozag.
  3319 | D:4      | Noticed a necrophage
  3402 | D:4      | Killed a necrophage
  3403 | D:4      | Reached XP level 6. HP: 53/53 MP: 1/11
  3507 | D:4      | Reached XP level 7. HP: 14/59 MP: 2/12
  4268 | D:4      | Noticed Edmund
  4305 | D:4      | Killed Edmund
  5175 | D:5      | Entered Level 5 of the Dungeon
  5679 | D:5      | Reached XP level 8. HP: 31/67 MP: 1/14
  6442 | D:5      | Noticed Dowan
  6446 | D:5      | Noticed Duvessa
  6466 | D:5      | HP: 3/67 [Duvessa (11)]
  6469 | D:5      | Slain by Duvessa

Illustrated notes

Levels and vault maps discovered:
D:1:      ldierk_water_garden, layout_rooms, serial_corexii_hall,
          corexii_hall_statues_t, corexii_hall_statues_deadend,
          corexii_hall_statues_u, corexii_hall_statues_u,
          chequers_hall_statues_y, corexii_hall_statues_deadend
D:2:      layout_basic, serial_shops, shop, shop, nicolae_shop_waterfront,
          nicolae_shop_window_shopping, amcnicky_mini_rare_corridor_liquid
D:3:      layout_rooms, minivault_14, uniq_ijyb
D:4:      cheibrodos_fertilizer, layout_basic, grunt_gozag_breadcrumbs,
          gup_sewer_entry_pipe, serial_shops, shop, minmay_statues_item,
          kennysheep_generic_room_14, uniq_edmund
D:5:      layout_loops_cross, uniq_duvessa

Skill      XL: |  1  2  3  4  5  6  7  8 |
---------------+-------------------------+-----
Short Blades   | 1 2 3 |  3.2
Long Blades    | 1 2 3 |  3.2
Axes           | 1 2 3 |  3.2
Polearms       | 1 2 3 |  3.2
Staves         | 1 2 3 |  3.2
Slings         | 1 2 3 |  3.2
Bows           | 1 2 3 |  3.2
Crossbows      | 1 2 3 |  3.2
Throwing       | 1 2 3 |  3.2
Armour         | 1 2 3 |  3.2
Dodging        | 1 2 3 |  3.2
Stealth        | 1 2 3 |  3.2
Shields        | 1 2 3 |  3.2
Unarmed Combat | 1 2 3 |  3.2
Invocations    | 1 2 3 |  3.5
Evocations     | 1 2 3 |  3.2
Spellcasting   | 3 4 |  4.3
Conjurations   | 1 2 |  2.6
Hexes          | 1 2 |  2.6
Summonings     | 1 2 |  2.6
Necromancy     | 1 2 |  2.6
Translocations | 1 2 |  2.6
Transmutations | 1 2 |  2.6
Ice Magic      | 1 2 |  2.6
Air Magic      | 1 2 |  2.6
Earth Magic    | 1 2 |  2.6
Poison Magic   | 1 2 |  2.6
Fighting       | 7 |  7.3
Maces & Flails | 7 |  7.3
Fire Magic     | 6 |  6.1

Action                   |  1- 3 |  4- 6 |  7- 9 || total
-------------------------+-------+-------+-------++-------
Melee: Mace              |    30 |    45 |    49 ||   124
       Bite              |     2 |     5 |     3 ||    10
       Punch             |       |     1 |     1 ||     2
Throw: Stone             |    37 |    30 |    16 ||    83
       Dart              |       |       |     5 ||     5
 Cast: Scorch            |    24 |    44 |    73 ||   141
Invok: Fiery Armour      |     2 |     1 |     2 ||     5
       Foxfire Swarm     |     2 |       |     2 ||     4
 Stab: Sleeping          |       |       |     2 ||     2
Armor: Robe              |    11 |    15 |    13 ||    39
Dodge: Dodged            |    33 |    37 |    38 ||   108
